 Dungeon Crawl Stone Soup version 0.22-a0-580-gd5db89c (webtiles) character file.

33 galech the Skirmisher (level 3, 0/40 HPs)
             Began as an Ogre Berserker on July 3, 2018.
             Was a Believer of Trog.
             Slain by Sigmund
             ... wielding a +4 scythe of freezing
              (2 damage)
             ... on level 2 of the Dungeon.
             The game lasted 00:02:05 (1227 turns).

galech the Skirmisher (Ogre Berserker)              Turns: 1227, Time: 00:02:06

Health: 0/40       AC:  5    Str: 21    XL:     3   Next: 29%
Magic:  3/3        EV: 10    Int:  8    God:    Trog [**....]
Gold:   29         SH:  0    Dex:  9    Spells: 2/2 levels left

rFire    . . .     SeeInvis .   a - +0 mace
rCold    . . .     Gourm    .   (no shield)
rNeg     . . .     Faith    .   g - +0 troll leather armour
rPois    .         Spirit   .   (helmet restricted)
rElec    .         Reflect  .   (no cloak)
rCorr    .         Harm     .   (gloves unavailable)
MR       .....                  (boots unavailable)
Stlth    +.........             (no amulet)
HPRegen  0.53/turn              (no ring)
MPRegen  0.08/turn              (no ring)

@: berserk cooldown, starving, slowed, very slow
A: large, unfitting armour, tough skin 1
a: Berserk, Trog's Hand, Renounce Religion


You were on level 2 of the Dungeon.
You worshipped Trog.
Trog was pleased with you.
You were starving.

You visited 1 branch of the dungeon, and saw 2 of its levels.

You collected 29 gold pieces.

Inventory:

Hand Weapons
 a - a +0 mace (weapon)
Armour
 g - a +0 troll leather armour (worn)
Scrolls
 d - a scroll of blinking {unknown}
 e - a scroll of teleportation {unknown}
 f - a scroll of enchant armour {unknown}
 h - 2 scrolls of identify {unknown}
 j - a scroll of immolation {unknown}
 l - a scroll of random uselessness {unknown}
 m - 2 scrolls of remove curse {unknown}
Potions
 i - a potion of flight {unknown}
 k - a potion of curing {unknown}
Comestibles
 c - a ration


   Skills:
 + Level 4.5 Fighting
 + Level 3.2 Maces & Flails
 + Level 0.1 Armour
 + Level 3.1 Dodging


You had 2 spell levels left.
You didn't know any spells.
Your spell library was empty.

Dungeon Overview and Level Annotations

Branches:
Dungeon (2/15)

Altars:
Ashenzari

Annotations:
D:2 Sigmund


Innate Abilities, Weirdness & Mutations

You are too large for most types of armour.
You have tough skin. (AC +1)


Message History

You closely miss Sigmund.
Sigmund hits you with a scythe of freezing.
Sigmund freezes you.
Sigmund points at you and mumbles some strange words.
You resist with some effort. Sigmund barely misses you.
You bump into the rock wall.
Sigmund gestures at you while chanting. The puff of flame hits you!
You bump into the rock wall.
Sigmund barely misses you.
Sigmund hits you from afar with a scythe of freezing!
* * * LOW HITPOINT WARNING * * *
Sigmund freezes you.
* * * LOW HITPOINT WARNING * * *
Unknown command.
You feel less confused.
Sigmund hits you with a scythe of freezing.
* * * LOW HITPOINT WARNING * * *
Sigmund freezes you.
You die...

.........###
#.#.#..?..#
###...#<....#
#.....#.....#
#.#.........#
##.............#
.###......#########
......#.###
#.......@#####
.......@.....#
#......#####.#
#...... .......
...#### ... ..


You could see Sigmund.

Vanquished Creatures
  An adder (D:1)
  3 bats (D:1)
  2 giant cockroaches (D:1)
  A goblin (D:1)
  4 hobgoblins (D:1)
  A frilled lizard (D:1)
  2 kobolds (D:1)
  11 rats (D:1)
25 creatures vanquished.

Notes
Turn   | Place    | Note
-------+----------+-------------------------------------------
     0 | D:1      | galech the Ogre Berserker began the quest for the Orb.
     0 | D:1      | Reached XP level 1. HP: 24/24 MP: 1/1
    93 | D:1      | HP: 1/24 [hobgoblin/club (5)]
   258 | D:1      | Reached XP level 2. HP: 14/32 MP: 2/2
   565 | D:1      | Found a shattered altar of Ashenzari.
   575 | D:1      | Reached ** piety under Trog
   949 | D:1      | Reached XP level 3. HP: 40/40 MP: 3/3
  1066 | D:2      | Noticed Sigmund
  1227 | D:2      | HP: 2/40 [Sigmund/scythe of freezing (4)]
  1227 | D:2      | Slain by Sigmund

Vault maps used:
D:1:      dpeg_arrival_ratfight, evilmike_ruin_ashenzari
D:2:      first_ration, uniq_sigmund, uniq_jessica, uniq_crazy_yiuf_cottage

Skill      XL: |  1  2 |
---------------+-------+-----
Dodging        | 3 |  3.1
Maces & Flails | 3 |  3.2
Fighting       | |  4.5
Armour         | |  0.1

Action                   || total
-------------------------++-------
Melee: Mace              ||    86
Invok: Berserk           ||     1
       Trog's Hand       ||     1
Armor: Animal skin       ||    13
       Troll leather arm ||    21
Dodge: Dodged            ||    62

Table legend:
 A = Spawn XP
 B = Non-spawn XP
 C = Spawn XP percentage of total XP
 D = Spawn monster count
 E = Non-spawn monster count
 F = Spawn count percentage of total count
 G = Total turns spent on level
                    A         B        C        D         E        F      G
               +---------+---------+-------+---------+---------+-------+---------
         Total |       0 |      48 |   0.0 |       0 |      25 |   0.0 |  1227
               +---------+---------+-------+---------+---------+-------+---------
           D:1 |       0 |      48 |   0.0 |       0 |      25 |   0.0 |  1201
               +---------+---------+-------+---------+---------+-------+---------
